Map: Dreamcatcher LE

Players

Buster

  • Race: Terran Terran
  • Spawn Location: 5:00

Nice - Winner!

  • Race: Protoss Protoss
  • Spawn Location: 11:00

Event: WCS Montreal 2018

VOD

Have the link to the VOD?

Description

Time

  • Played on: Sept. 7, 2018, 1:50 p.m.
  • Length: 15:39

All games in this series

Show
View Real Time Build Order
Export as new Build Order

Buster Terran 

Build Orders: MMM Bio, Banshee Rush 

Get SALT Encoding   

  12  0:01  SCV  
  13  0:15  Supply Depot  
  13  0:19  SCV  
  14  0:31  SCV  
  15  0:40  Barracks  
  15  0:44  Refinery  
  15  0:48  SCV  
  16  0:55  Refinery  
  16  1:01  SCV  
  17  1:13  SCV  
  18  1:27  Reaper  
  18  1:28  Orbital Command  
  19  1:35  Supply Depot  
  19  1:51  Factory  
  19  1:53  SCV  
  20  2:00  Reaper  
  21  2:05  SCV  
  22  2:17  SCV  
  23  2:30  SCV  
  23  2:32  Reaper  
  23  2:35  Hellion  
  26  2:37  Starport  
  26  2:42  SCV, Supply Depot  
  27  2:55  SCV  
  27  2:56  Hellion  
  29  3:14  Command Center, Starport Tech Lab  
  29  3:21  Cyclone  
  29  3:24  SCV  
  33  3:33  Cloaking Field  
  33  3:37  Banshee  
  36  3:45  SCV  
  36  3:52  Supply Depot  
  36  3:53  Cyclone  
  39  4:13  SCV, Barracks  
  39  4:14  Barracks  
  40  4:25  Banshee  
  40  4:28  SCV  
  42  4:40  Cyclone, Refinery  
  42  4:43  SCV  
  46  4:46  Barracks Reactor  
  46  4:48  Orbital Command  
  46  4:55  SCV  
  47  5:04  Barracks Tech Lab, Marine  
  48  5:08  SCV  
  48  5:12  Engineering Bay  
  48  5:13  Widow Mine  
  52  5:14  SCV  
  52  5:20  SCV  
  53  5:22  Marine  
  53  5:23  Supply Depot  
  53  5:26  SCV  
  52  5:29  Marine  
  52  5:32  SCV  
  52  5:33  Marine  
  55  5:36  Marine  
  55  5:38  SCV  
  55  5:41  Terran Infantry Weapons Level 1  
  54  5:43  Marine  
  54  5:44  SCV  
  54  5:49  Missile Turret  
  56  5:50  SCV  
  56  5:52  Missile Turret  
  56  5:53  Marine  
  59  5:57  SCV  
  59  6:01  Factory Tech Lab, Marine  
  59  6:02  SCV  
  59  6:03  Marine x2  
  63  6:10  Marine  
  64  6:11  Bunker  
  64  6:15  Supply Depot  
  64  6:19  Marine  
  64  6:23  Barracks Tech Lab x2  
  64  6:26  SCV  
  64  6:27  SCV  
  64  6:31  Supply Depot  
  64  6:33  Marine  
  64  6:37  Marine  
  66  6:42  Stimpack, Combat Shields, Marine x2  
  67  6:51  Marine  
  67  6:55  Siege Tank, Marine  
  67  6:59  Marine  
  67  7:00  Marine  
  67  7:01  SCV x2  
  74  7:02  Starport  
  73  7:09  Marine  
  73  7:12  Marine  
  73  7:13  SCV  
  73  7:14  Refinery  
  76  7:15  Supply Depot  
  76  7:17  Marine  
  76  7:18  Marine  
  76  7:20  SCV  
  79  7:25  Missile Turret  
  79  7:27  SCV, Marine  
  78  7:30  Marine  
  78  7:33  Siege Tank  
  83  7:38  Marine  
  83  7:40  Starport Reactor, Supply Depot  
  83  7:45  Terran Infantry Armor Level 1, Marine  
  83  7:48  Marine  
  83  7:49  Barracks  
  83  7:50  Barracks, Marine  
  86  7:56  Marine  
  87  8:03  Supply Depot x2  
  87  8:05  Marine  
  91  8:06  Marine  
  91  8:08  Marine  
  90  8:14  Liberator, Factory Reactor, Marine  
  90  8:17  Medivac  
  90  8:18  Medivac  
  95  8:23  Marine  
  95  8:24  Marine  
  95  8:25  Concussive Shells  
  95  8:26  Marine  
  98  8:32  Command Center, Marine  
  102  8:38  SCV  
  102  8:40  SCV  
  104  8:45  Barracks Reactor x2  
  104  8:47  Medivac  
  104  8:48  Medivac  
  106  8:50  SCV, Marine x2  
  106  8:51  Widow Mine x2  
  106  8:55  Marauder  
  116  9:00  Armory  
  115  9:03  Supply Depot  
  115  9:04  Supply Depot  
  115  9:11  Marauder, Marine  
  115  9:14  Liberator x2  
  118  9:25  Marauder, Widow Mine x2, Marine x4  
  134  9:36  Marauder  
  135  9:39  SCV x2  
  137  9:51  SCV  
  138  9:53  Marauder, Marine x4  
  138  9:54  Terran Infantry Weapons Level 2  
  138  9:55  Liberator  
  144  10:02  Refinery  
  144  10:06  Refinery  
  141  10:07  SCV  
  141  10:13  Orbital Command  
  145  10:18  SCV  
  145  10:19  Supply Depot  
  145  10:20  Supply Depot  
  145  10:22  SCV, Liberator x2  
  143  10:30  SCV  
  143  10:34  SCV  
  142  10:40  Widow Mine  
  142  10:42  Liberator  
  127  10:57  Marauder, Marine  
  127  11:03  Orbital Command  
  114  11:04  Marauder, Marine x3  
  114  11:05  Liberator x2  
  100  11:12  SCV  
  100  11:13  SCV  
  98  11:24  Orbital Command  
  98  11:25  Marauder  
  103  11:26  Marine x2  
  103  11:27  Marine  
  96  11:40  Orbital Command  
  96  11:44  Marauder, Marine x2  
  96  11:46  Marauder, Liberator, Marine x4  
  106  11:53  Widow Mine x2  
  106  11:56  SCV  
  99  12:02  Marine x2  
  99  12:06  Liberator x2  
  104  12:12  Marauder, Marine x4  
  108  12:17  Widow Mine  
  113  12:30  Marauder  
  113  12:31  Orbital Command  
  113  12:33  Marine  
  110  12:37  Marine  
  102  12:47  SCV  
  102  12:50  SCV  
  98  13:00  SCV  
  98  13:05  Marauder  
  91  13:08  SCV  
  84  13:17  Marauder  
  84  13:22  Medivac  
  86  13:27  Orbital Command  
  86  13:31  Marine x2  
  86  13:32  Marine  
  89  13:41  SCV  
  90  13:51  Marine x3  
  90  13:53  SCV  
  94  13:59  Marine  
  95  14:14  Marine x2  
  95  14:16  Marine  
  88  14:29  Marine  
  88  14:30  Marine  
  62  14:32  Marine  
  63  14:44  Marine  
  58  15:17  Marine  
Show
View Real Time Build Order
Export as new Build Order

Nice Protoss - Winner!

Build Orders: Oracle Opening 

Get SALT Encoding   

  12  0:00  Probe  
  13  0:12  Probe  
  14  0:17  Pylon  
  14  0:23  Probe  
  15  0:32  Probe  
  15  0:36  Gateway  
  15  0:40  Probe  
  16  0:45  Assimilator  
  17  0:51  Probe  
  18  1:03  Probe  
  19  1:15  Probe  
  20  1:22  Pylon  
  20  1:24  Zealot  
  22  1:25  Cybernetics Core  
  22  1:27  Assimilator, Probe  
  23  1:37  Probe  
  23  1:45  Probe  
  24  1:53  Adept  
  25  1:54  Probe  
  26  2:02  Pylon  
  28  2:26  Adept  
  28  2:28  Stargate  
  30  2:34  Probe  
  30  2:35  Warp Gate  
  31  2:44  Pylon  
  30  3:00  Nexus  
  30  3:05  Oracle  
  30  3:07  Stalker  
  35  3:21  Probe  
  36  3:35  Probe  
  36  3:40  Oracle  
  40  3:50  Probe  
  40  3:53  Pylon  
  41  4:03  Gateway  
  41  4:04  Gateway  
  41  4:07  Oracle  
  41  4:13  Probe  
  41  4:14  Probe  
  46  4:25  Probe  
  46  4:29  Probe  
  48  4:34  Shield Battery  
  48  4:36  Phoenix  
  50  4:50  Probe x2  
  52  4:59  Stalker x3  
  58  5:02  Probe x2  
  60  5:10  Pylon  
  60  5:13  Oracle  
  60  5:14  Probe x2  
  64  5:26  Probe  
  64  5:27  Probe  
  67  5:38  Probe  
  67  5:39  Probe  
  69  5:45  Stalker x2  
  69  5:47  Stalker  
  75  5:51  Probe  
  75  5:55  Pylon  
  75  5:56  Probe  
  77  6:03  Probe, Assimilator  
  78  6:06  Assimilator  
  78  6:12  Probe  
  78  6:16  Adept x2  
  78  6:17  Adept  
  80  6:34  Oracle  
  80  6:36  Probe x2  
  80  6:39  Nexus  
  85  6:40  Pylon  
  85  6:53  Probe  
  85  6:56  Probe  
  85  6:58  Adept  
  85  7:00  Nexus  
  85  7:01  Probe  
  87  7:04  Probe  
  87  7:08  Forge  
  87  7:09  Probe  
  87  7:11  Phoenix, Twilight Council  
  87  7:13  Probe  
  90  7:20  Protoss Ground Weapons Level 1  
  90  7:21  Probe  
  92  7:25  Probe  
  91  7:31  Stalker  
  91  7:33  Probe  
  94  7:39  Resonating Glaives  
  94  7:40  Pylon  
  94  7:41  Pylon  
  94  7:56  Phoenix  
  96  7:59  Gateway  
  96  8:00  Gateway  
  96  8:01  Robotics Facility  
  96  8:03  Gateway  
  96  8:06  Sentry x3  
  96  8:09  Probe x2  
  104  8:20  Phoenix  
  106  8:31  Gateway  
  106  8:32  Gateway  
  106  8:33  Adept  
  108  8:34  Adept x2  
  108  8:38  Probe x3  
  115  8:43  Warp Prism  
  115  8:50  Phoenix  
  119  8:57  Adept x2  
  119  8:58  Adept  
  119  9:02  Pylon  
  125  9:10  Pylon  
  125  9:11  Immortal  
  125  9:19  Protoss Ground Weapons Level 2  
  125  9:20  Charge  
  129  9:35  Adept x5  
  129  9:36  Adept  
  141  9:41  Pylon  
  141  9:42  Pylon, Phoenix  
  141  9:44  Pylon  
  139  9:53  Probe x2  
  139  9:59  Probe  
  142  10:11  Pylon  
  142  10:13  Adept x2, Pylon  
  142  10:14  Adept x5  
  150  10:15  Adept  
  158  10:41  Adept x7  
  158  10:42  Adept  
  139  11:02  Adept  
  139  11:03  Adept x7  
  122  11:07  Phoenix  
  94  11:29  Adept x4, Phoenix  
  94  11:30  Adept x4  
  106  11:48  Blink  
  106  11:53  Protoss Ground Weapons Level 3  
  106  11:54  Adept x3, Phoenix  
  106  11:55  Adept x3  
  120  12:01  Nexus  
  120  12:19  Phoenix  
  122  12:27  Adept x5  
  122  12:28  Adept  
  108  12:44  Phoenix  
  124  12:57  Adept x4  
  124  12:58  Adept x4  
  120  13:21  Stalker x4  
  120  13:22  Stalker  
  120  13:24  Assimilator  
  120  13:25  Assimilator  
  126  13:29  Pylon  
  126  13:32  Stalker  
  126  13:33  Stalker x2  
  120  13:50  Stalker x2  
  120  13:51  Stalker x2  
  120  13:55  Probe  
  128  13:57  Probe  
  128  13:58  Immortal, Probe  
  131  14:03  Probe  
  131  14:05  Adept x4  
  144  14:13  Probe  
  137  14:24  Void Ray  
  137  14:25  Probe  
  137  14:27  Adept x6  
  137  14:28  Adept x2  
  110  14:37  Probe  
  111  14:48  Stalker x3  
  111  14:49  Stalker x4  
  111  14:51  Immortal  
  119  15:11  Adept x3  
  119  15:12  Adept x3  
  125  15:19  Sentry  
Tags
 
Add a new tag
Caveats
  • Supply blocks, unpowered buildings, or Contaminate may cause inaccurate times.
  • Supply counts are checked every 10 seconds.